AoeStats
← Steffels

Arabia

510271586Analyzed
1v1 RM · 19h ago on Sep 30, 2026· 50m 25s· 2 players
Game mode
Random Map
Map size
Tiny (2 player)
Population
200
Speed
Normal
Resources
Standard
Victory
Conquest
Starting age
Dark Age
Ending age
Imperial Age
RankedLock teamsTeams togetherTeam positionsShared explorationLock speedFull tech treeHidden civsTurbo modeCheats
Victory
Defeat
🇧🇪 Varangians · Belgium
1046
+16
🇦🇺 Mongols · Australia
1048
-16
Steffels
6:44 Loom
9:52 Feudal Age
10:48 Double-Bit Axe
11:57 Horse Collar
19:48 Castle Age
20:12 Scale Barding Armor
20:26 Bloodlines
21:01 Gold Mining
21:54 Bow Saw
24:09 Light Cavalry
25:36 Husbandry
26:01 Chain Barding Armor
26:05 Forging
31:17 Iron Casting
34:12 Wheelbarrow
35:04 Fletching
35:15 Padded Archer Armor
36:05 Bodkin Arrow
36:01 Light Cavalry
37:58 Hand Cart
38:11 Leather Archer Armor
38:26 Ballistics
41:00 Stone Mining
45:19 Imperial Age
45:28 Heavy Mounted Crossbowman
45:28 Cranequins
45:38 Hussar
47:42 Two-Man Saw
46:46 Heavy Plow
51:00 Chemistry
50:50 Bracer
51:27 Plate Barding Armor
Snappa
5:58 Loom
8:12 Feudal Age
16:02 Scale Barding Armor
21:44 Castle Age
21:38 Double-Bit Axe
21:36 Horse Collar
22:16 Gold Mining
23:55 Chain Barding Armor
24:11 Bloodlines
24:52 Forging
25:43 Bow Saw
25:15 Pikeman
26:01 Husbandry
29:56 Scale Mail Armor
36:09 Fletching
40:46 Bodkin Arrow
Connection lost

Rejoining the realm…

Still unreachable

The connection could not be restored.

Session expired

The server has moved on; the page needs a fresh start.